Map: Ley Lines

Players

kitune - Winner!

  • Race: Zerg Zerg
  • Spawn Location: 1:00

frugs

  • Race: Protoss Protoss
  • League: Master
  • Spawn Location: 7:00

VOD

Have the link to the VOD?

Description

Time

  • Played on: Aug. 24, 2025, 12:39 p.m.
  • Length: 11:24
Show
View Real Time Build Order
Export as new Build Order

kitune Zerg - Winner!

Build Orders: Hatch First 

Get SALT Encoding   

  12  0:01  Drone  
  13  0:13  Overlord  
  13  0:17  Drone  
  14  0:31  Drone x2  
  16  0:47  Hatchery  
  15  0:51  Drone  
  15  0:55  Drone  
  17  0:59  Drone  
  18  1:07  Extractor  
  17  1:15  Spawning Pool  
  17  1:18  Drone  
  17  1:22  Drone  
  18  1:29  Drone  
  19  1:41  Drone  
  20  1:52  Overlord  
  20  2:02  Queen x2  
  20  2:04  Zergling x2  
  20  2:06  Zergling x2  
  26  2:15  Metabolic Boost  
  26  2:17  Drone  
  26  2:19  Drone  
  28  2:23  Drone  
  28  2:25  Drone  
  30  2:37  Queen  
  32  2:48  Lair  
  32  2:49  Drone  
  32  2:50  Drone  
  33  3:01  Extractor, Drone  
  33  3:02  Drone x2  
  33  3:03  Overlord  
  35  3:13  Overlord  
  35  3:25  Drone x4  
  39  3:27  Drone x2  
  39  3:28  Drone  
  39  3:31  Overlord  
  42  3:41  Drone x2  
  43  3:47  Hydralisk Den  
  43  3:50  Drone  
  43  3:52  Drone x5  
  43  3:53  Drone  
  50  3:56  Extractor  
  50  3:58  Zergling x2  
  50  4:01  Zergling x2  
  51  4:17  Grooved Spines  
  51  4:22  Hydralisk x2  
  55  4:25  Hydralisk  
  55  4:31  Hatchery, Hydralisk  
  57  4:35  Overlord x2  
  58  4:45  Hydralisk  
  60  4:55  Evolution Chamber  
  60  4:59  Hydralisk x3  
  61  5:00  Evolution Chamber  
  61  5:01  Evolution Chamber  
  61  5:02  Zergling x8  
  67  5:07  Muscular Augments  
  67  5:10  Drone  
  67  5:11  Drone x2  
  70  5:17  Overlord, Hydralisk  
  70  5:18  Hydralisk  
  74  5:27  Hydralisk  
  75  5:30  Zergling x2  
  76  5:40  Hydralisk x4  
  84  5:44  Zergling x6  
  87  5:54  Hydralisk x2  
  80  6:00  Zergling x2  
  80  6:01  Zergling x6  
  76  6:10  Hydralisk x3  
  82  6:17  Zergling x4  
  79  6:24  Hydralisk x2  
  77  6:32  Hydralisk  
  73  6:35  Zergling x4  
  73  6:39  Zergling x8  
  77  6:45  Zergling x2  
  62  6:59  Zergling x12  
  63  7:05  Hydralisk  
  62  7:14  Hydralisk x3  
  65  7:17  Queen  
  64  7:23  Queen  
  64  7:24  Queen  
  64  7:28  Hydralisk x3  
  74  7:32  Zergling x4  
  76  7:40  Baneling Nest  
  76  7:41  Hydralisk x2  
  75  7:52  Queen, Hydralisk x3  
  75  7:55  Zergling x2  
  75  7:56  Zergling x2  
  85  8:07  Hydralisk x2  
  85  8:10  Overlord x2  
  88  8:28  Overlord  
  88  8:31  Baneling x9  
  88  8:32  Zergling x12  
  94  8:42  Hydralisk  
  94  8:43  Hydralisk  
  94  8:45  Zergling x6  
  94  8:46  Zergling x2  
  99  8:55  Hydralisk x2  
  91  9:06  Zergling x10  
  94  9:15  Zergling x6  
  93  9:22  Zergling x2  
  90  9:33  Hydralisk x2  
  87  9:42  Zergling x4  
  89  9:54  Baneling x8  
  89  9:56  Zergling x12  
  89  9:57  Hatchery  
  94  10:06  Hydralisk x2  
  92  10:23  Hydralisk x4  
  88  10:31  Zergling x8  
  87  10:38  Hydralisk x2  
  82  10:48  Hydralisk x2  
  86  10:51  Zergling x2  
  86  10:52  Zergling x2  
  88  11:02  Zergling x8  
Show
View Real Time Build Order
Export as new Build Order

frugs Protoss 

Build Orders: 1 Gate Expand, Chargelot Immortal 

Get SALT Encoding   

  12  0:00  Probe  
  13  0:12  Probe  
  14  0:18  Pylon  
  14  0:24  Probe  
  15  0:32  Probe  
  15  0:38  Gateway  
  15  0:40  Probe  
  16  0:46  Assimilator  
  17  0:50  Probe  
  18  1:03  Probe  
  19  1:15  Probe  
  20  1:23  Nexus  
  20  1:34  Cybernetics Core  
  20  1:36  Probe  
  21  1:42  Assimilator  
  21  1:49  Probe  
  21  1:52  Pylon  
  22  2:01  Probe  
  23  2:03  Adept  
  23  2:10  Twilight Council  
  25  2:16  Probe  
  25  2:17  Warp Gate  
  26  2:24  Probe  
  27  2:35  Probe  
  28  2:42  Probe, Robotics Facility  
  29  2:44  Charge  
  29  2:47  Probe  
  30  2:54  Probe  
  31  3:00  Probe  
  32  3:06  Probe  
  32  3:11  Pylon  
  32  3:12  Probe  
  34  3:19  Probe  
  37  3:20  Immortal  
  35  3:27  Probe  
  35  3:31  Probe  
  35  3:32  Sentry  
  43  3:39  Gateway  
  43  3:40  Gateway  
  43  3:43  Gateway  
  43  3:45  Probe  
  43  3:46  Immortal  
  43  3:47  Probe  
  45  4:02  Pylon  
  49  4:12  Gateway  
  49  4:13  Sentry  
  51  4:18  Warp Prism  
  51  4:22  Gateway  
  51  4:28  Gateway  
  53  4:34  Sentry  
  55  4:42  Pylon  
  55  4:47  Zealot x2  
  55  4:48  Zealot  
  55  4:52  Pylon  
  61  5:11  Sentry x2  
  61  5:12  Zealot x3  
  71  5:20  Pylon  
  71  5:24  Pylon  
  71  5:28  Zealot x2  
  71  5:34  Zealot  
  69  5:35  Zealot  
  69  5:36  Zealot  
  69  5:38  Zealot x2  
  75  5:55  Zealot  
  75  5:56  Zealot x4  
  75  6:04  Zealot x2  
  75  6:17  Zealot x2  
  75  6:18  Zealot x3  
  63  6:27  Zealot x2  
  57  6:43  Zealot x5  
  57  6:44  Zealot  
  65  6:52  Zealot  
  61  7:01  Zealot x3  
  63  7:07  Zealot x3  
  62  7:15  Probe  
  62  7:17  Zealot, Immortal  
  58  7:29  Sentry  
  62  7:30  Sentry x4  
  66  7:54  Sentry x3  
  72  7:59  Zealot x4  
  80  8:08  Shield Battery  
  80  8:21  Zealot x7  
  92  8:30  Pylon  
  92  8:32  Pylon  
  92  8:43  Sentry  
  94  8:49  Zealot x4  
  102  8:58  Zealot x2  
  80  9:08  Immortal  
  76  9:16  Zealot x5  
  86  9:25  Zealot x2  
  64  9:39  Immortal  
  64  9:46  Sentry x3  
  74  9:54  Zealot x3  
  80  10:04  Zealot  
  82  10:10  Zealot x2  
  84  10:15  Zealot x2  
  84  10:19  Zealot  
  83  10:26  Zealot  
  65  10:31  Zealot x2  
  63  10:38  Zealot  
  63  10:39  Zealot  
  55  10:44  Zealot  
  53  10:53  Zealot x3  
  57  11:06  Zealot x3  
  61  11:16  Zealot x2  
Tags
 
Add a new tag
Caveats
  • Supply blocks, unpowered buildings, or Contaminate may cause inaccurate times.
  • Supply counts are checked every 10 seconds.